 Dungeon Crawl Stone Soup version 0.28.0-43-g3370ac3207 (webtiles) character file.

Game seed: 7183552667078040536

34146 tizbic2 the Fighter (level 13, -1/211 HPs)
             Began as an Ogre Gladiator on Mar 10, 2022.
             Was an Elder of Uskayaw.
             Slain by a wolf spider (14 damage)
             ... on level 1 of the Spider Nest.
             The game lasted 01:07:13 (16396 turns).

tizbic2 the Fighter (Ogre Gladiator)               Turns: 16396, Time: 01:07:14

Health: -1/211     AC: 33    Str: 27    XL:     13   Next: 75%
Magic:  18/19      EV:  1    Int:  9    God:    Uskayaw [****..]
Gold:   646        SH: 15    Dex: 14    Spells: 17/20 levels left

rFire   + . .      SeeInvis .   w - +2 flail (protect)
rCold   + . .      Faith    .   q - +0 kite shield
rNeg    . . .      Spirit   .   (armour currently unavailable)
rPois   +          Reflect  +   (helmet currently unavailable)
rElec   +          Harm     .   (cloak currently unavailable)
rCorr   +          Rampage  .   (gloves unavailable)
Will    +....      NoTele   +   (boots unavailable)
Stlth   +.........              j - amulet of reflection
HPRegen 0.45/turn               B - ring of poison resistance
MPRegen 0.16/turn               A - +6 ring of strength

@: tree-form, resistant, under a protective aura
A: stationary, stasis, torment immunity, boosted hp, large, unfitting armour,
(tough skin 1)
a: Renounce Religion, Stomp, Line Pass


You were on level 1 of the Spider Nest.
You worshipped Uskayaw.
Uskayaw was noncommittal.
You were a tree.
You visited 4 branches of the dungeon, and saw 14 of its levels.
You also visited: Bailey.

You collected 786 gold pieces.
You spent 140 gold pieces at shops.

Inventory:

Hand Weapons
 f - a +2 long sword of flaming
 n - a +0 giant club
 w - a +2 flail of protection (weapon)
 y - a +6 dagger
 M - a +1 mace of freezing
Missiles
 b - 4 large rocks
 d - 2 throwing nets
 e - 408 stones
 k - 26 boomerangs (quivered)
 v - 28 poisoned darts
Armour
 c - a +0 hat (melded)
 m - +5 acid dragon scales (melded)
 q - a +0 kite shield (worn)
 s - a +1 cloak of willpower (melded)
Jewellery
 g - a ring of flight
 j - an amulet of reflection (around neck)
 o - a ring of fire
 u - a ring of positive energy
 A - a +6 ring of strength (right branch)
 B - a ring of poison resistance (left branch)
 E - a ring of resist corrosion
 G - a ring of see invisible
 H - a ring of protection from cold
 J - an amulet of guardian spirit
Wands
 z - a wand of polymorph (12)
 F - a wand of iceblast (11)
 O - a wand of paralysis (3)
 S - a wand of mindburst (5)
Scrolls
 a - 4 scrolls of fog
 p - 4 scrolls of teleportation
 r - 3 scrolls of summoning
 t - 2 scrolls of fear
 I - 3 scrolls of vulnerability
 R - a scroll of identify
Potions
 h - a potion of curing
 i - 2 potions of brilliance
 x - 3 potions of attraction
 D - 5 potions of flight
 K - a potion of mutation {unknown}
 L - a potion of resistance
 P - 3 potions of magic
 Q - a potion of degeneration {unknown}
Miscellaneous
 N - a condenser vane


   Skills:
 + Level 12.8 Fighting
 * Level 12.2 Maces & Flails
 - Level 7.3 Throwing
 + Level 8.1 Armour
 - Level 5.7 Dodging
 * Level 7.7 Shields
 + Level 4.1 Spellcasting
 + Level 3.4 Ice Magic
 - Level 4.7 Invocations


You had 17 spell levels left.
You knew the following spells:

 Your Spells              Type           Power      Damage    Failure   Level
a - Ozocubu's Armour      Ice            8%         N/A       36%         3

Your spell library contained the following spells:

 Spells                   Type           Power      Damage    Failure   Level
 Magic Dart               Conj           4%         1d3       47%         1
 Sandblast                Erth           2%         2d4       47%         1
 Passwall                 Tmut/Erth      0%         N/A       63%         2
 Searing Ray              Conj           2%         2d4       63%         2
 Stone Arrow              Conj/Erth      2%         3d7       85%         3
 Fulminant Prism          Conj/Hex       0%         3d6       99%         4
 Olgreb's Toxic Radiance  Pois           1%         N/A       99%         4
 Ozocubu's Refrigeration  Ice            4%         4d5       100%        7
 Ignition                 Fire           0%         3d3       100%        8


Dungeon Overview and Level Annotations

Branches:
Dungeon (9/15)             Temple (1/1) D:7            Lair (3/6) D:9
 Spider (1/4) Lair:3       Bailey (visited)
  Swamp: Lair:2-4    Shoals: Lair:2-4       Orc: D:9-12

Altars:
Ashenzari
Cheibriados
Dithmenos
Elyvilon
Fedhas
Gozag
Hepliaklqana
Kikubaaqudgha
Makhleb
Nemelex Xobeh
Okawaru
Qazlal
Sif Muna
Trog
Uskayaw
Vehumet
Wu Jian
Yredelemnul
Zin
The Shining One

Shops:
D:4 *


Innate Abilities, Weirdness & Mutations

You are a tree.
Your roots penetrate the ground, keeping you stationary.
You cannot be teleported.
You are immune to unholy pain and torment.
Your maximum health is greatly increased.
Your equipment is partially melded.
You are too large for most types of armour.
((You have tough skin. (AC +1)))


Message History

The wolf spider hits you but does no damage.
The wolf spider bites you but does no damage.
Uskayaw will force your foes to share their pain.
You bump into the rock wall.
The wolf spider hits you!
* * * LOW HITPOINT WARNING * * *
The wolf spider barely misses you.
You feel less confused. You block the wolf spider's attack. x2
The wolf spider hits you but does no damage.
The wolf spider bites you.
* * * LOW HITPOINT WARNING * * *
You hit the wolf spider but do no damage.
The wolf spider is lightly wounded.
The wolf spider hits you.
* * * LOW HITPOINT WARNING * * *
You block the wolf spider's attack.
Okay, then.
Really quaff the potion of lignification?
You turn into a tree.
Your +1 cloak of willpower melds into your body.
Your +0 hat melds into your body.
Your +5 acid dragon scales melds into your body.
You feel less strong-willed.
Your roots penetrate the ground.
The wolf spider hits you but does no damage.
You block the wolf spider's attack.
The wolf spider hits you but does no damage.
The wolf spider bites you but does no damage.
You thump the wolf spider!
The wolf spider is moderately wounded.
The wolf spider hits you but does no damage.
The wolf spider bites you but does no damage.
You hit the wolf spider but do no damage.
The wolf spider is moderately wounded.
The wolf spider hits you but does no damage.
The wolf spider bites you but does no damage.
You block the wolf spider's attack. x2
You sock the wolf spider!
The wolf spider is heavily wounded.
The wolf spider hits you!
You die...

## ..... ##..
.... #.... ###
..##
.....##^##..!#
#..........#
#.........#
#........#
##......##
###†♣s## ##.##
###


You could see a wolf spider.

Vanquished Creatures
  An orc warlord (Bailey)
  2 hydras (Lair:2)
  2 boulder beetles (Spider:1)
  2 pharaoh ants (Spider:1)
  An orb spider (Spider:1)
  A deep elf pyromancer (D:9)
  An ugly thing (D:8)
  2 wolf spiders (Spider:1)
  A cyclops (D:9)
  3 elephants (Lair:2)
  3 black mambas
  3 cane toads
  The ghost of IBeShadow the Destroyer, a novice FeCj (D:9)
  4 komodo dragons
  A rime drake (Lair:1)
  A polar bear (Lair:3)
  10 tarantellas (Spider:1)
  A slime creature (D:9)
  3 jumping spiders (Spider:1)
  3 culicivoras (Spider:1)
  A shadow (D:9)
  5 wyverns
  36 yaks
  9 redbacks
  6 basilisks
  A steam dragon (D:9)
  An acid dragon (D:5)
  12 water moccasins
  An ice beast (D:7)
  A sky beast (D:6)
  3 black bears
  An ogre (D:3)
  8 orc warriors
  3 necrophages
  16 wolves
  4 centaurs
  2 phantoms
  2 kobold brigands (D:9)
  7 bullfrogs
  Blork the orc (D:6)
  2 gnoll sergeants
  5 wyvern zombies
  2 scorpions
  A water moccasin zombie (D:7)
  A water moccasin skeleton (D:2)
  8 killer bees
  9 wights (D:9)
  3 centaur zombies
  A bullfrog zombie (D:3)
  9 hounds
  A jelly (D:7)
  Crazy Yiuf (D:2)
  An orc priest (D:9)
  A bullfrog skeleton (D:4)
  7 iguanas
  6 orc wizards
  2 howler monkey zombies (D:9)
  Robin (D:2)
  2 howler monkey skeletons (D:4)
  8 adders
  13 gnolls
  A shadow imp (D:5)
  A dart slug (D:4)
  35 orcs
  5 endoplasms
  2 giant cockroaches (D:1)
  16 goblins
  14 hobgoblins
  10 jackals
  6 quokkas
  7 ball pythons
  6 bats
  5 frilled lizards
  19 kobolds
  4 rats
381 creatures vanquished.

Vanquished Creatures (others)
  2 orc wizards (D:9)
  19 fungi
  27 plants
48 creatures vanquished.

Grand Total: 429 creatures vanquished

Notes
Turn   | Place    | Note
-------+----------+-------------------------------------------
     0 | D:1      | tizbic2 the Ogre Gladiator began the quest for the Orb.
     0 | D:1      | Reached XP level 1. HP: 22/22 MP: 1/1
    83 | D:1      | Reached XP level 2. HP: 17/29 MP: 2/2
   880 | D:1      | Reached XP level 3. HP: 37/37 MP: 3/3
  1108 | D:2      | Reached XP level 4. HP: 20/45 MP: 4/4
  1541 | D:2      | Reached XP level 5. HP: 44/54 MP: 5/5
  1787 | D:2      | Found a runed translucent door.
  1788 | D:2      | Noticed Crazy Yiuf
  1809 | D:2      | Killed Crazy Yiuf
  2016 | D:2      | Noticed Robin
  2028 | D:2      | Killed Robin
  2250 | D:2      | Reached XP level 6. HP: 36/63 MP: 6/6
  2418 | D:2      | Identified the +0 helmet of Subjectivity {Dex+5 SInv}
  2905 | D:3      | Found a faded altar of an unknown god.
  3043 | D:3      | Found a blossoming altar of Fedhas.
  3529 | D:3      | Found an opulent altar of Gozag.
  3950 | D:4      | Reached XP level 7. HP: 65/71 MP: 7/7
  3983 | D:4      | Reached skill level 5 in Fighting
  3983 | D:4      | Reached skill level 5 in Maces & Flails
  4337 | D:4      | Found a shimmering blue altar of Sif Muna.
  4599 | D:4      | Found Qamas's Assorted Antiques.
  4607 | D:4      | Bought a bone ring for 140 gold pieces
  4800 | D:4      | Reached XP level 8. HP: 83/83 MP: 8/8
  5023 | D:5      | Entered Level 5 of the Dungeon
  5341 | D:5      | Reached skill level 5 in Throwing
  5736 | D:5      | Found a burning altar of Makhleb.
  6168 | D:6      | Reached skill level 1 in Armour
  6220 | D:6      | Noticed Blork the orc
  6242 | D:6      | Killed Blork the orc
  6264 | D:6      | Reached XP level 9. HP: 46/93 MP: 9/9
  7489 | D:7      | Found a shadowy altar of Dithmenos.
  7518 | D:7      | Found a staircase to the Ecumenical Temple.
  7524 | Temple   | Entered the Ecumenical Temple
  7684 | Temple   | Became a worshipper of Uskayaw the Reveller
  7734 | D:7      | Reached * piety under Uskayaw
  7764 | D:7      | Reached ** piety under Uskayaw
  7909 | D:7      | Reached *** piety under Uskayaw
  7962 | D:7      | Found the +0 pair of fencer's gloves {Riposte Dex+3}
  8007 | D:7      | Found a flagged portal.
  8029 | Bailey   | Entered a bailey
  8034 | Bailey   | Noticed an orc warlord
  8111 | Bailey   | Reached **** piety under Uskayaw
  8131 | Bailey   | Found a runed translucent gate.
  8131 | Bailey   | Found a runed translucent gate.
  8150 | Bailey   | Found a runed translucent gate.
  8408 | Bailey   | Killed an orc warlord
  8409 | Bailey   | Reached XP level 10. HP: 75/106 MP: 10/10
  8617 | Bailey   | Reached skill level 10 in Fighting
  8617 | Bailey   | Reached skill level 5 in Dodging
  8617 | Bailey   | Reached XP level 11. HP: 119/119 MP: 10/14
  8917 | D:8      | Found a basalt altar of Yredelemnul.
  9590 | D:8      | Found a sparkling altar of Nemelex Xobeh.
  9744 | D:9      | Noticed a brown ugly thing
  9775 | D:8      | Killed a brown ugly thing
  9776 | D:8      | Reached skill level 1 in Shields
 10060 | D:9      | Found a staircase to the Lair.
 10098 | D:9      | Noticed a deep elf pyromancer
 10145 | D:9      | Found a transporter.
 10147 | D:9      | Noticed IBeShadow's ghost (novice FeCj)
 10150 | D:9      | Noticed a cyclops
 10178 | D:9      | Found a transporter.
 10303 | D:9      | Reached skill level 10 in Maces & Flails
 10314 | D:9      | Reached ***** piety under Uskayaw
 10472 | D:9      | Killed a deep elf pyromancer
 11058 | D:9      | Reached ****** piety under Uskayaw
 11060 | D:9      | Killed a cyclops
 11061 | D:9      | Reached XP level 12. HP: 77/130 MP: 15/15
 11081 | D:9      | Killed IBeShadow's ghost
 11424 | Lair:1   | Entered Level 1 of the Lair of Beasts
 11960 | Lair:1   | Reached skill level 5 in Shields
 12187 | Lair:1   | Learned a level 3 spell: Ozocubu's Armour
 12528 | Lair:2   | Noticed an eight-headed hydra
 12538 | Lair:2   | Killed an eight-headed hydra
 12539 | Lair:2   | Reached skill level 1 in Spellcasting
 12558 | Lair:2   | Reached skill level 1 in Ice Magic
 13404 | Lair:2   | Reached XP level 13. HP: 138/140 MP: 16/16
 13843 | Lair:3   | Found a hole to the Spider Nest.
 14578 | Spider:1 | Entered Level 1 of the Spider Nest
 16392 | Spider:1 | HP: 7/141 [wolf spider (5)]
 16396 | Spider:1 | Slain by a wolf spider

Illustrated notes

Levels and vault maps discovered:
D:1:      dpeg_arrival_leaves_temple_mockup, layout_loops_cross,
          corexii_hall_statues_t
D:2:      layout_loops_corners, uniq_robin, uniq_crazy_yiuf_cottage
D:3:      layout_basic, fedhas_altar_3, nicolae_overflow_ecumenical_swirl,
          grunt_decor_arrowhead, grunt_ministairs_14
D:4:      layout_cave_pools, lemuel_blue_sif_altar, serial_shops,
          nicolae_shop_crystal, minmay_quantized
D:5:      layout_loops_ring, mainiacjoe_overflow_surrounded_room, st_stairs_4
D:6:      layout_gridville, uniq_blork_the_orc
D:7:      nicolae_BIG_FREAKIN_CUBE, layout_cave_pools, grunt_dithmenos_smoke,
          minmay_temple_entry_statues_pillars, enter_bailey_4
D:8:      layout_loops_ring, marbit_many_paths, nemelex_spade_bored_becter,
          minmay_misc_feat_five, chequers_serial_rivers_marsh
D:9:      layout_small_grid, minmay_lair_entry_grove, nzn_ghost_randoct
Temple:   oiseaux_autumnal_temple
Lair:1:   layout_cave_pods
Lair:2:   layout_chaotic_city
Lair:3:   layout_hall_layers, spider_nest_entry_a
Spider:1: layout_spider_delve, portal_ice_cave_entry_pillars_four,
          uniq_mlioglotl

Skill      XL: |  1  2  3  4  5  6  7  8  9 10 11 12 13 |
---------------+----------------------------------------+-----
Maces & Flails | 3 4 5 6 8 9 10 11 12 | 12.2
Fighting       | 3 4 5 7 8 10 11 12 | 12.8
Dodging        | 3 4 5 |  5.7
Throwing       | 3 4 5 6 7 |  7.3
Armour         | 1 4 6 7 8 |  8.1
Invocations    | 4 |  4.7
Shields        | 3 6 7 |  7.7
Spellcasting   | 2 4 |  4.1
Ice Magic      | 2 3 |  3.4

Action                   |  1- 3 |  4- 6 |  7- 9 | 10-12 | 13-15 || total
-------------------------+-------+-------+-------+-------+-------++-------
Melee: Flail             |    48 |    87 |   412 |   552 |   361 ||  1460
       Quarterstaff      |       |    61 |       |       |       ||    61
       Dagger            |       |       |     9 |       |       ||     9
       Punch             |       |       |     6 |     1 |       ||     7
Throw: Stone             |    32 |    52 |    70 |    13 |       ||   167
       Throwing net      |       |       |     1 |       |       ||     1
       Boomerang         |       |       |    22 |    68 |    20 ||   110
       Dart              |       |       |     7 |       |       ||     7
 Cast: Ozocubu's Armour  |       |       |       |       |     2 ||     2
Invok: Stomp             |       |       |     3 |     6 |     3 ||    12
       Line Pass         |       |       |       |       |     1 ||     1
  Use: Scroll            |       |     6 |     3 |    10 |     4 ||    23
       Potion            |       |       |     6 |     5 |     7 ||    18
 Stab: Sleeping          |     1 |     1 |       |       |       ||     2
       Paralysed         |       |       |     4 |    32 |    16 ||    52
Armor: Robe              |    18 |    54 |    65 |       |       ||   137
       Acid dragon scale |       |       |   100 |   220 |   193 ||   513
       Skin              |       |       |    33 |       |     7 ||    40
Dodge: Dodged            |    25 |    76 |   186 |   171 |   136 ||   594
Block: Other             |       |    17 |   106 |    12 |       ||   135
       Reflection        |       |       |     4 |     7 |       ||    11
       Kite shield       |       |       |       |   334 |   310 ||   644
